 Dungeon Crawl Stone Soup version 0.14.0-12-g87ee3b7 (console) character file.

8916 xw the Severer (level 11, -13/99 HPs)
             Began as a Minotaur Fighter on Apr 16, 2014.
             Was a Priest of Trog.
             Mangled by a komodo dragon (16 damage)
             ... on Level 3 of the Lair of Beasts.
             The game lasted 00:05:31 (13018 turns).

xw the Severer (Minotaur Fighter)                  Turns: 13018, Time: 00:05:31

HP -13/99        AC 15     Str 24      XL: 11   Next: 10%
MP   4/4         EV  4     Int  5      God: Trog [***...]
Gold 426         SH 19     Dex 10      Spells:  0 memorised, 10 levels left

rFire  . . .     SeeInvis .     Y - +0,+1 war axe {mapnotes,}
rCold  + . .     Clarity  .     y - +1 plate armour
rNeg   . . .     Conserve .     c - +0 shield
rPois  .         rCorr    .     (helmet restricted)
rElec  .         rRot     .     (no cloak)
SustAb . .       Spirit   .     (no gloves)
rMut   .         Warding  .     (no boots)
Gourm  +         Stasis   .     d - amulet of the gourmand
MR     .....                    w - ring of sustenance
                                f - ring of protection from cold

@: non-regenerating, about to teleport, badly diseased, not resistant to hostile
enchantments, extremely unstealthy
A: retaliatory headbutt, horns 2
a: Burn Spellbooks, Berserk, Trog's Hand, Renounce Religion


You were on level 3 of the Lair of Beasts.
You worshipped Trog.
Trog was most pleased with you.
You were full.

You visited 2 branches of the dungeon, and saw 11 of its levels.

You collected 426 gold pieces.

Inventory:

Hand weapons
 Y - a +0,+1 war axe (weapon) {mapnotes,}
Armour
 c - a +0 shield (worn)
 y - a +1 plate armour (worn)
Magical devices
 i - a wand of fireball (5)
 n - a wand of disintegration (3)
 o - a wand of teleportation (9)
 s - a wand of invisibility (3)
 t - a wand of flame (9)
 v - a wand of invisibility (2)
 B - a wand of draining (4) {unknown}
Comestibles
 a - a snozzcumber
 h - 2 meat rations
 m - a choko
 p - a cheese
 q - 4 bread rations
 r - 6 beef jerkies
 x - an apple
 A - a pear
Scrolls
 b - 7 scrolls of identify
 g - a scroll of fog
 j - 2 scrolls of teleportation
 l - a scroll of remove curse
 C - 2 scrolls of recharging
 D - a scroll of magic mapping
Jewellery
 d - an amulet of the gourmand (around neck)
 f - a ring of protection from cold (left hand)
 w - a ring of sustenance (right hand)
 F - a +4 ring of protection {unknown}
Potions
 e - a potion of might
 k - a potion of restore abilities
 u - 2 potions of curing
 E - a potion of paralysis {unknown}


   Skills:
 + Level 9.7 Fighting
 * Level 15.4 Axes
 + Level 9.7 Armour
 - Level 3.6 Shields


You had 10 spell levels left.
You didn't know any spells.

Dungeon Overview and Level Annotations

Branches:
Dungeon (8/15)             Temple (0/1) D:7            Lair (3/8) D:8
  Swamp: Lair:3-6    Shoals: Lair:3-6     Snake: Lair:3-6    Spider: Lair:3-6

Altars:
Dithmenos
Kikubaaqudgha
Nemelex Xobeh
Okawaru
Trog


Innate Abilities, Weirdness & Mutations

You reflexively headbutt those who attack you in melee.
You have a pair of horns on your head.


Message History

13004 ||| turn
13005 ||| turn
13006 ||| turn
13006 ||| READING TELEPORT
13007 ||| turn
13008 ||| turn
13009 ||| turn
13009 ||| FLEEEEING
13010 ||| turn
13010 ||| FLEEEEING
13011 ||| turn
13012 ||| turn
13013 ||| turn
13014 ||| turn
13015 ||| turn
13016 ||| turn
13016 ||| READING TELEPORT
13017 ||| turn
13018 ||| turn You die...

#...........#..##...#
#..........##..##.#..
##.........##..##....
##..##>####.#.P....f
####f..# ##.(.+...f
#.f.# #####..!.
####.## ##..#
###.....# #...
#.HO....# ##..
#%l.....# #####.
#........# #f....
#.............+....
#.......#f.# #....
#.......# ## #....
........# #.####
#......... ##
.##.##.##


You could see a komodo dragon and a friendly ogre (berserk).

Vanquished Creatures
  2 death yaks (Lair:3)
  A griffon (Lair:3)
  A black mamba (Lair:3)
  A spiny frog (Lair:2)
  A troll (D:7)
  A basilisk (Lair:2)
  Eustachio (D:7)
  2 hippogriffs
  6 wolves (Lair:2)
  7 water moccasins
  4 porcupines
  A black bear (D:7)
  2 ogres
  An orc warrior (D:8)
  2 centaurs
  2 sky beasts
  A boring beetle (Lair:3)
  A big kobold (D:8)
  4 crocodiles
  9 giant frogs
  4 giant slugs
  A scorpion (D:4)
  4 wights (D:7)
  A vampire bat (Lair:2)
  A crimson imp (D:6)
  A giant frog skeleton (D:7)
  5 hounds
  5 orc priests
  6 worker ants
  3 orc wizards
  A gnoll shaman (D:8)
  4 iguanas
  2 killer bee zombies
  6 sheep (Lair:2)
  Jessica (D:3)
  A crocodile zombie (D:8)
  2 hound zombies (D:7)
  A hound skeleton (D:6)
  6 gnolls (D:8)
  8 adders
  18 green rats (Lair:3)
  A shadow imp (D:8)
  A giant mite (D:7)
  3 worms
  An ufetubus (D:7)
  2 orc skeletons
  An adder skeleton (D:4)
  2 giant geckos
  An ooze (D:1)
  27 orcs
  5 giant cockroaches
  A giant mite zombie (D:6)
  11 goblins
  20 hobgoblins
  15 jackals
  14 kobolds
  10 quokkas
  3 ball pythons
  19 bats
  A giant gecko skeleton (D:4)
  8 giant newts
  A goblin skeleton (D:4)
  A hobgoblin zombie (D:8)
  2 kobold skeletons
  7 rats
  A rat zombie (D:7)
  A fungus (Lair:3)
  A plant (Lair:3)
291 creatures vanquished.

Vanquished Creatures (others)
  An orc wizard (D:6)
  An orc (D:6)
2 creatures vanquished.

Grand Total: 293 creatures vanquished

Notes
Turn   | Place    | Note
--------------------------------------------------------------
     0 | D:1      | xw, the Minotaur Fighter, began the quest for the Orb.
     0 | D:1      | Reached XP level 1. HP: 19/19 MP: 1/1
    28 | D:1      | Fleeing towards (-3,2) corridor
    29 | D:1      | Fleeing towards (-3,1) corridor
   167 | D:1      | Reached XP level 2. HP: 26/26 MP: 1/1
   261 | D:1      | Fleeing towards (-1,-1) corridor
   354 | D:1      | Fleeing towards (-1,1) corridor
   414 | D:1      | Fleeing towards (-6,0) corridor
   415 | D:1      | Fleeing towards (-4,0) corridor
   418 | D:1      | Reached skill level 4 in Axes
   813 | D:1      | TESTING SCROLLS
   835 | D:2      | Reached XP level 3. HP: 31/31 MP: 2/2
  1217 | D:2      | TESTING POTIONS
  1439 | D:2      | TESTING SCROLLS
  1440 | D:2      | TESTING SCROLLS
  1441 | D:2      | TESTING SCROLLS
  1871 | D:3      | Reached skill level 5 in Axes
  2028 | D:3      | Fleeing towards (6,2) corridor
  2032 | D:3      | Fleeing towards (3,1) corridor
  2041 | D:3      | Reached XP level 4. HP: 21/39 MP: 2/2
  2419 | D:3      | Noticed Jessica
  2425 | D:3      | Killed Jessica
  2705 | D:3      | Reached skill level 6 in Axes
  2707 | D:3      | Reached XP level 5. HP: 11/45 MP: 2/2
  2973 | D:3      | TESTING POTIONS
  2982 | D:3      | New armour: chain mail (1010)
  2982 | D:3      | Old armour: +0 scale mail (960)
  2997 | D:3      | Dropping junk armour
  2998 | D:3      | TRYING WAND
  3104 | D:4      | Reached skill level 7 in Axes
  3268 | D:4      | Found an iron altar of Okawaru.
  3300 | D:4      | Noticed an ogre
  3309 | D:4      | Killed an ogre
  3309 | D:4      | Reached XP level 6. HP: 10/51 MP: 3/3
  3671 | D:4      | Reached skill level 8 in Axes
  3699 | D:4      | Found a sparkling altar of Nemelex Xobeh.
  4071 | D:4      | WEARING RING 1 coral ring
  4072 | D:4      | TESTING POTIONS
  4073 | D:4      | TESTING POTIONS
  4074 | D:4      | TESTING SCROLLS
  4075 | D:4      | TESTING SCROLLS
  4076 | D:4      | TESTING SCROLLS
  4078 | D:4      | TRYING WAND
  4184 | D:4      | Dropping junk: wand of random effects {zapped: 1}
  4185 | D:4      | TRYING WAND
  4284 | D:5      | Entered Level 5 of the Dungeon
  4582 | D:5      | Noticed a water moccasin
  4594 | D:5      | Killed a water moccasin
  4594 | D:5      | Reached skill level 9 in Axes
  4594 | D:5      | Reached XP level 7. HP: 53/57 MP: 3/3
  5102 | D:5      | TESTING POTIONS
  5103 | D:5      | TESTING POTIONS
  5104 | D:5      | TESTING SCROLLS
  5105 | D:5      | TESTING SCROLLS
  5106 | D:5      | TESTING SCROLLS
  5107 | D:5      | Dropping junk: 2 scrolls of magic mapping
  5108 | D:5      | Dropping junk weapon
  5241 | D:6      | Reached skill level 10 in Axes
  5408 | D:6      | Invisible monster
  5412 | D:6      | Invisible monster
  5698 | D:6      | INVISIBILITY
  6084 | D:6      | Reached XP level 8. HP: 59/67 MP: 3/3
  6155 | D:6      | Found a bloodstained altar of Trog.
  6171 | D:6      | Became a worshipper of Trog the Wrathful
  6228 | D:6      | Found a shadowy altar of Dithmenos.
  6509 | D:6      | WEARING AMULET
  6513 | D:6      | TESTING SCROLLS
  6514 | D:6      | Dropping junk: scroll of magic mapping
  6550 | D:7      | Reached skill level 11 in Axes
  6555 | D:7      | Reached skill level 5 in Fighting
  6555 | D:7      | Reached skill level 5 in Armour
  7030 | D:7      | Found a staircase to the Ecumenical Temple.
  7242 | D:7      | Noticed Eustachio
  7260 | D:7      | Killed Eustachio
  7303 | D:7      | Fleeing towards (-5,-3) corridor
  7304 | D:7      | Fleeing towards (-3,0) corridor
  7331 | D:7      | ignoring kobold
  7342 | D:7      | Reached skill level 12 in Axes
  7345 | D:7      | Found an ancient bone altar of Kikubaaqudgha.
  7418 | D:7      | Reached XP level 9. HP: 25/75 MP: 4/4
  7794 | D:7      | Noticed a troll
  7799 | D:7      | Killed a troll
  8028 | D:7      | Fleeing towards (-3,-3) corridor
  8029 | D:7      | Fleeing towards (-2,-1) corridor
  8043 | D:7      | Acquired Trog's first power
  8115 | D:7      | Invisible monster
  8179 | D:7      | TESTING POTIONS
  8180 | D:7      | TESTING SCROLLS
  8181 | D:7      | Dropping junk: 2 scrolls of magic mapping
  8182 | D:7      | Dropping junk: potion of magic
  8183 | D:7      | TRYING WAND
  8184 | D:7      | Dropping junk: wand of digging {zapped: 1}
  8463 | D:8      | FLEEEEING
  8464 | D:8      | FLEEEEING
  8465 | D:8      | FLEEEEING
  8466 | D:8      | FLEEEEING
  8467 | D:8      | FLEEEEING
  8468 | D:8      | FLEEEEING
  8469 | D:8      | FLEEEEING
  8840 | D:8      | Fleeing towards (-1,4) corridor
  8841 | D:8      | Fleeing towards (0,3) corridor
  8842 | D:8      | Fleeing towards (0,2) corridor
  8843 | D:8      | Fleeing towards (0,1) corridor
  8844 | D:8      | Fleeing towards (1,0) corridor
  8959 | D:8      | Fleeing towards (-4,4) corridor
  8960 | D:8      | Fleeing towards (-4,3) corridor
  8992 | D:8      | Reached skill level 13 in Axes
  9040 | D:8      | Acquired Trog's second power
  9050 | D:8      | Invisible monster
  9162 | D:8      | Found a staircase to the Lair.
  9464 | Lair:1   | Entered Level 1 of the Lair of Beasts
 10541 | Lair:1   | TESTING SCROLLS
 10542 | Lair:1   | New armour: plate armour (1210)
 10542 | Lair:1   | Old armour: +0 chain mail (1010)
 10561 | Lair:1   | Dropping junk armour
 10562 | Lair:1   | TRYING WAND
 10563 | Lair:1   | TRYING WAND
 10571 | Lair:1   | Enchanting +0 plate armour
 10572 | Lair:1   | Recharging wand of teleportation {zapped: 1}
 10622 | Lair:2   | Reached XP level 10. HP: 59/88 MP: 4/4
 10923 | Lair:2   | Noticed a spiny frog
 10930 | Lair:2   | Killed a spiny frog
 10930 | Lair:2   | Reached skill level 14 in Axes
 11131 | Lair:2   | ignoring sheep
 11707 | Lair:2   | WEARING RING 2 blackened garnet ring
 11708 | Lair:2   | TESTING POTIONS
 11811 | Lair:3   | Noticed a black mamba
 11812 | Lair:3   | ignoring black mamba
 11822 | Lair:3   | HEAL WOUNDS
 11825 | Lair:3   | HEALING POTION u
 11827 | Lair:3   | Killed a black mamba
 12387 | Lair:3   | Acquired Trog's third power
 12581 | Lair:3   | Noticed a griffon
 12593 | Lair:3   | Killed a griffon
 12593 | Lair:3   | Reached skill level 15 in Axes
 12688 | Lair:3   | ignoring giant frog
 12910 | Lair:3   | Noticed a death yak
 12918 | Lair:3   | Noticed a death yak
 12919 | Lair:3   | Noticed a death yak
 12924 | Lair:3   | Killed a death yak
 12924 | Lair:3   | Reached XP level 11. HP: 97/97 MP: 4/4
 12931 | Lair:3   | Killed a death yak
 12937 | Lair:3   | READING TELEPORT
 12997 | Lair:3   | READING TELEPORT
 13006 | Lair:3   | READING TELEPORT
 13009 | Lair:3   | FLEEEEING
 13010 | Lair:3   | FLEEEEING
 13015 | Lair:3   | HP: 3/99 [komodo dragon (16)]
 13016 | Lair:3   | READING TELEPORT
 13018 | Lair:3   | Mangled by a komodo dragon

Action                   |  1- 3 |  4- 6 |  7- 9 | 10-12 || total
-------------------------+-------+-------+-------+-------++-------
Melee: War axe           |    91 |   136 |   420 |   224 ||   871
Invok: Berserk           |       |       |     2 |     4 ||     6
       Brothers in Arms  |       |       |       |     2 ||     2
Evoke: Wand              |       |     3 |     3 |       ||     6
  Use: Scroll            |     4 |     4 |     8 |     5 ||    21
       Potion            |     1 |     3 |     4 |     3 ||    11
 Stab: Invisible         |       |       |     4 |       ||     4

Vault maps used:
D:1:      scummos_arrival_forest
D:3:      uniq_jessica
D:4:      kennysheep_little_box, general_overflow_altar
D:5:      first_bread
D:6:      kennysheep_mini_moat, grunt_ministairs_12, trog_three_pillars_becter
D:7:      kiku_gazebo_garden_becter, minmay_temple_entry_statues_pillars,
          grunt_ogre_cave, uniq_eustachio
D:8:      lair_0_dummy
Lair:1:   lemuel_old_faithful
Lair:2:   lab_entry_generic, roderic_batcave
Lair:3:   portal_ice_cave_entry_pillars_02
